 Dungeon Crawl Stone Soup version 0.28-a0-932-g843f935a50 (webtiles) character file.

Game seed: 14103781248799226744

1473 ders the Geomancer (level 8, 0/41 HPs)
             Began as a Gargoyle Earth Elementalist on Nov 27, 2021.
             Was an Initiate of Vehumet.
             Slain by a hound (4 damage)
             ... on level 6 of the Dungeon.
             The game lasted 00:08:52 (6193 turns).

ders the Geomancer (Gargoyle Earth Elementalist)    Turns: 6193, Time: 00:08:52

Health: 0/41       AC:  8    Str: 11    XL:     8   Next: 78%
Magic:  1/16       EV: 11    Int: 19    God:    Vehumet [......]
Gold:   241        SH:  0    Dex: 10    Spells: 14/18 levels left

rFire   . . .      SeeInvis .   a - +0 dagger (venom)
rCold   . . .      Faith    .   (no shield)
rNeg    + . .      Spirit   .   b - +0 robe
rPois   ∞          Reflect  .   (no helmet)
rElec   +          Harm     .   (no cloak)
rCorr   .          Rampage  .   (no gloves)
Will    .....                   l - +0 pair of boots {Fly}
Stlth   ++........              (no amulet)
HPRegen 0.13/turn               (no ring)
MPRegen 0.15/turn               (no ring)

@: flying
A: sickness immunity, AC +5, negative energy resistance 1, electricity
resistance, torment resistance 1, petrification resistance
a: Renounce Religion


You were on level 6 of the Dungeon.
You worshipped Vehumet.
Vehumet was noncommittal.
You visited 2 branches of the dungeon, and saw 7 of its levels.

You collected 241 gold pieces.

Inventory:

Hand Weapons
 a - a +0 dagger of venom (weapon)
Missiles
 c - 127 stones
Armour
 b - a +0 robe (worn)
 i - a +0 pair of boots
 l - a +0 pair of boots of flying (worn)
Jewellery
 h - a ring of protection from fire
Wands
 g - a wand of iceblast (9)
Scrolls
 j - a scroll of silence
 k - 2 scrolls of identify
Potions
 d - a potion of attraction
 e - a potion of might
 f - 2 potions of curing {unknown}
 m - a potion of flight {unknown}


   Skills:
 - Level 1.5 Dodging
 - Level 2.1 Stealth
 + Level 5.9 Spellcasting
 + Level 6.5 Conjurations
 - Level 0.7 Transmutations
 + Level 8.2 Earth Magic


You had 14 spell levels left.
You knew the following spells:

 Your Spells              Type           Power      Damage    Failure   Level
a - Sandblast             Erth           72%        2d16      1%          1
b - Stone Arrow           Conj/Erth      66%        3d11      1%          3

Your spell library contained the following spells:

 Spells                   Type           Power      Damage    Failure   Level
 Passwall                 Tmut/Erth      18%        N/A       2%          2
 Petrify                  Tmut/Erth      22%        N/A       19%         4
 Gell's Gravitas          Tloc           5%         N/A       34%         3
 Lesser Beckoning         Tloc           5%         N/A       34%         3
 Teleport Other           Tloc           5%         N/A       34%         3


Dungeon Overview and Level Annotations

Branches:
Dungeon (6/15)             Temple (1/1) D:5

Altars:
Ashenzari
Cheibriados
Dithmenos
Elyvilon
Fedhas
Gozag
Hepliaklqana
Kikubaaqudgha
Makhleb
Nemelex Xobeh
Okawaru
Qazlal
Sif Muna
Trog
Uskayaw
Vehumet
Wu Jian
Yredelemnul
Zin
The Shining One

Shops:
D:1 !   D:5 ![*(=

Annotations:
D:6 Blork the orc, Eustachio


Innate Abilities, Weirdness & Mutations

You are immune to sickness and miasma.
Your stone body is resilient. (AC +5)
You are immune to poison.
You resist negative energy. (rN+)
You are resistant to electric shocks. (rElec)
You are resistant to unholy torment.
You are immune to petrification.


Message History

Unknown command.
Casting: Stone Arrow (safe; 1% risk of failure)
Confirm with . or Enter, or press ? or * to list all spells.
Aiming: Stone Arrow (safe; 1% risk of failure)
Press: ? - help, Shift-Dir - straight line, f/p - Blork the orc
Aim: Blork the orc, wielding a +0 mace and wearing a +0 robe (heavily wounded, fast, 77% to hit)
The stone arrow hits Blork the orc!
Blork the orc is almost dead.
Blork the orc screams, "I'm much stronger than you!"
Blork the orc hits you with a +0 mace. The hound bites you but does no damage.
Unknown command.
Casting: Stone Arrow (safe; 1% risk of failure)
Confirm with . or Enter, or press ? or * to list all spells.
Aiming: Stone Arrow (safe; 1% risk of failure)
Press: ? - help, Shift-Dir - straight line, f/p - Blork the orc
Aim: Blork the orc, wielding a +0 mace and wearing a +0 robe (almost dead, fast, 77% to hit)
The stone arrow misses Blork the orc.
Blork the orc hits you with a +0 mace. The hound bites you but does no damage.
Blork the orc closely misses you. The hound bites you but does no damage.
Unknown command.
Casting: Stone Arrow (safe; 1% risk of failure)
Confirm with . or Enter, or press ? or * to list all spells.
Aiming: Sandblast (safe; 1% risk of failure)
Press: ? - help, Shift-Dir - straight line, f/p - Blork the orc
Aim: Blork the orc, wielding a +0 mace and wearing a +0 robe (almost dead, fast, 84% to hit)
The blast of sand misses Blork the orc.
Blork the orc hits you with a +0 mace. The hound bites you.
Unknown command.
Casting: Sandblast (safe; 1% risk of failure)
Confirm with . or Enter, or press ? or * to list all spells.
Aiming: Sandblast (safe; 1% risk of failure)
Press: ? - help, Shift-Dir - straight line, f/p - Blork the orc
Aim: Blork the orc, wielding a +0 mace and wearing a +0 robe (almost dead, fast, 84% to hit)
The blast of sand misses Blork the orc.
Blork the orc hits you with a +0 mace. The hound closely misses you.
Blork the orc gestures at you while chanting.
The magic dart hits you!
* * * LOW HITPOINT WARNING * * *
The hound bites you.
You die...

#.......# #.#.## #......#
#.......###....# ##......#
#....@..##...#.####.......#
#.......##.................
#............#.##...####.##
#............#....### .≈≈
#.......#...##..### ≈≈
#.......#.oh......# ≈
##########@.##.##.....
#..##.# #####
###.###.##...# #...#
#......# #.#.###.....##
...#.#........# #>#
#..........#
#..###..........#
#.##............#


You could see Eustachio, Blork the orc (fast) and a hound.

Vanquished Creatures
  3 ogres (D:5)
  3 necrophages
  4 scorpions
  A wyvern skeleton (D:6)
  4 wights
  2 bullfrog zombies
  A jelly (D:5)
  2 orc priests
  A bullfrog skeleton (D:5)
  A centaur skeleton (D:4)
  Ijyb (D:4)
  An orc wizard (D:6)
  A hound skeleton (D:4)
  6 gnolls
  6 adders
  A white imp (D:5)
  2 worms
  4 dart slugs
  16 orcs
  6 endoplasms
  3 giant cockroaches
  6 goblins
  8 hobgoblins
  9 jackals
  A quokka (D:1)
  5 ball pythons
  4 bats
  2 frilled lizards
  6 kobolds
  5 rats
115 creatures vanquished.

Notes
Turn   | Place    | Note
-------+----------+-------------------------------------------
     0 | D:1      | ders the Gargoyle Earth Elementalist began the quest for
                  | the Orb.
     0 | D:1      | Reached XP level 1. HP: 10/10 MP: 3/3
   139 | D:1      | Reached XP level 2. HP: 13/15 MP: 1/5
   211 | D:1      | Reached skill level 1 in Conjurations
   300 | D:1      | Reached skill level 4 in Earth Magic
   519 | D:1      | Found Kedivvur's Distillery.
   842 | D:1      | Reached XP level 3. HP: 19/19 MP: 4/6
  1360 | D:2      | Found a hide-covered altar of Uskayaw.
  1390 | D:2      | Reached XP level 4. HP: 20/24 MP: 0/8
  2505 | D:3      | Found a faded altar of an unknown god.
  2540 | D:4      | Reached XP level 5. HP: 28/28 MP: 7/9
  2571 | D:4      | Noticed a necrophage
  2631 | D:3      | HP: 1/28 [scorpion (3)]
  2640 | D:3      | Reached skill level 5 in Earth Magic
  2960 | D:3      | Learned a level 3 spell: Stone Arrow
  3114 | D:4      | Noticed Ijyb
  3119 | D:4      | Killed Ijyb
  3120 | D:4      | Reached XP level 6. HP: 7/32 MP: 1/11
  3487 | D:4      | Found a blossoming altar of Fedhas.
  3836 | D:4      | Killed a necrophage
  3958 | D:4      | Found a glowing silver altar of Zin.
  3965 | D:4      | Found an ornate altar of the Wu Jian Council.
  3969 | D:4      | Reached skill level 6 in Earth Magic
  4020 | D:4      | Reached XP level 7. HP: 25/36 MP: 5/13
  4258 | D:5      | Entered Level 5 of the Dungeon
  4258 | D:5      | Found Idiekugaq's Antique Armour Shop.
  4559 | D:5      | Found Natir's Distillery.
  4704 | D:5      | Found Gaxa's Antique Weapon Shoppe.
  4706 | D:5      | Found Acrus's Jewellery Shop.
  4737 | D:5      | Reached skill level 5 in Conjurations
  4801 | D:5      | Reached skill level 7 in Earth Magic
  4849 | D:5      | Found a burning altar of Makhleb.
  4877 | D:5      | Reached skill level 5 in Spellcasting
  4877 | D:5      | Reached XP level 8. HP: 28/41 MP: 0/15
  5047 | D:5      | Found Cumuduv's General Store.
  5552 | D:5      | Found a staircase to the Ecumenical Temple.
  5561 | Temple   | Entered the Ecumenical Temple
  5726 | Temple   | Became a worshipper of Vehumet
  5979 | D:6      | Reached skill level 8 in Earth Magic
  6174 | D:6      | Noticed Blork the orc
  6176 | D:6      | Noticed Eustachio
  6193 | D:6      | Slain by a hound

Illustrated notes

Levels and vault maps discovered:
D:1:      dpeg_arrival_tiny_d, layout_loops_ring, serial_shops,
          nicolae_shop_trees, nicolae_concentric_dashed_squares_wild
D:2:      layout_basic, basic_altar
D:3:      layout_basic, dilly_ecumenical_altar_fadedgnrine, minmay_crystal_room
D:4:      layout_rooms, mainiacjoe_overflow_catwalk_spiral,
          kennysheep_small_circle, uniq_ijyb
D:5:      layout_cave_pools, mainiacjoe_overflow_small_starburst, temple_hall,
          serial_shops, shop, shop_statue, nicolae_stop_n_shop_1,
          nicolae_shop_stone, nicolae_shop_stone
D:6:      layout_rooms, general_overflow_altar,
          gammafunk_temple_overflow_elements, nicolae_ossuary_entry_catacombs,
          nicolae_wooded_promenade, st_stairs_14, uniq_grinder,
          uniq_blork_the_orc, uniq_eustachio
Temple:   eino_temple_rhombus

Skill      XL: |  1  2  3  4  5  6  7  8 |
---------------+-------------------------+-----
Conjurations   | 1 2 3 4 5 6 |  6.5
Earth Magic    | 4 5 6 7 8 |  8.2
Spellcasting   | 3 4 5 |  5.9
Dodging        | |  1.5
Stealth        | |  2.1
Transmutations | |  0.7

Action                   |  1- 3 |  4- 6 |  7- 9 || total
-------------------------+-------+-------+-------++-------
Melee: Unarmed           |    19 |       |       ||    19
       Dagger            |     4 |    11 |    11 ||    26
 Cast: Sandblast         |    49 |    67 |    26 ||   142
       Stone Arrow       |       |    15 |    42 ||    57
  Use: Scroll            |       |     6 |       ||     6
Armor: Robe              |    11 |    22 |     8 ||    41
Dodge: Dodged            |    24 |    35 |    25 ||    84

Table legend: (Time is in decaauts)
 A = Elapsed time spent in this place.
 B = Non-inter-level travel time spent in this place.
 C = Inter-level travel time spent in this place.
 D = Time resting spent in this place.
 E = Time spent auto-exploring this place.
 F = Levels seen in this place.
 G = Mean time per level.
                   A        B        C        D        E       F      G
               +--------+--------+--------+--------+--------+-----+--------+
         Total |   6195 |   6002 |    193 |   2082 |   3146 |   7 |  885.0 |
       Dungeon |   6019 |   5853 |    166 |   2082 |   3012 |   6 | 1003.2 |
        Temple |    175 |    148 |     27 |      0 |    134 |   1 |  175.0 |
               +--------+--------+--------+--------+--------+-----+--------+

Top non-repeatable levels by time:
     D:5: 1529 daAuts
     D:3: 1213 daAuts
     D:4: 1176 daAuts
     D:1: 1075 daAuts
     D:2: 794 daAuts
     D:6: 230 daAuts
  Temple: 175 daAuts
